 Dungeon Crawl Stone Soup version 0.30-a0-177-g1cb5dbfd7a (webtiles) character file.

Game seed: 16622567727308724995

23936 blackman the Carver (level 12, -5/154 HPs)
             Began as a Demigod Gladiator on Oct 3, 2022.
             Slain by a vampire mosquito (9 damage)
             ... on level 13 of the Dungeon.
             The game lasted 00:34:44 (16420 turns).

blackman the Carver (Demigod Gladiator)            Turns: 16420, Time: 00:34:44

Health: -5/154     AC: 26    Str: 15    XL:     12   Next: 42%
Magic:  15/15      EV:  2    Int: 10    God:
Gold:   1111       SH:  7    Dex: 31    Spells: 11/11 levels left

rFire   . . .      SeeInvis .    a - +4 demon blade (elec)
rCold   . . .      Faith    .    s - +0 buckler
rNeg    . . .      Spirit   .    (body armour currently unavailable)
rPois   +          Reflect  .    (helmet currently unavailable)
rElec   .          Harm     .    (cloak currently unavailable)
rCorr   .          Rampage  .    (gloves currently unavailable)
Will    +....      NoTele   +    (boots currently unavailable)
Stlth   ++........               R - amulet of the acrobat
HPRegen 0.45/turn                U - +4 ring of evasion
MPRegen 0.14/turn                w - ring of poison resistance

@: tree-form
A: stationary, stasis, torment immunity, boosted hp, high MP 1, forlorn, divine
attributes
a: no special abilities


You were on level 13 of the Dungeon.
You were a tree.
You visited 2 branches of the dungeon, and saw 14 of its levels.
You also visited: Bailey.

You collected 1111 gold pieces.

Inventory:

Hand Weapons
 a - a +4 demon blade of electrocution (weapon)
 b - a +0 arbalest
 p - the +7 sceptre of Torment {pain, torment}
   (You took it off a gnoll sergeant in a bailey)

   In the hands of one skilled in necromantic magic, it inflicts extra damage on
   living creatures.
   It occasionally torments all nearby living foes when it strikes in combat.
Missiles
 d - 6 throwing nets
 u - 38 poisoned darts
 C - 6 javelins
 I - 11 curare-tipped darts
Armour
 c - a +0 helmet (melded)
 k - a scarf of resistance (melded)
 s - a +0 buckler (worn)
 H - a +3 leather armour (melded)
 O - +0 steam dragon scales
 S - the +0 pair of boots "Fewnipt" (melded) {-Cast Will+ Dex+5}
   (You found it on level 9 of the Dungeon)

   Dex:       It affects your dexterity (+5).
   -Cast:     It prevents spellcasting.
   Will:      It increases your willpower.
 Y - a +0 pair of gloves (melded)
Jewellery
 o - a ring of see invisible
 w - a ring of poison resistance (right branch)
 N - a ring of protection from fire
 R - an amulet of the acrobat (around neck)
 U - a +4 ring of evasion (left branch)
 W - a ring of fire
 Z - the ring of Lesser Demons {rElec AC+4 Str+7 Int+3 Dex-5}
   (You found it on level 13 of the Dungeon)

   [ring of protection]

   AC:        It affects your AC (+4).
   Str:       It affects your strength (+7).
   Int:       It affects your intelligence (+3).
   Dex:       It affects your dexterity (-5).
   rElec:     It insulates you from electricity.
Wands
 h - a wand of mindburst (10)
 K - a wand of polymorph (28)
 P - a wand of flame (18)
Scrolls
 e - a scroll of fear
 f - 4 scrolls of magic mapping (quivered)
 i - 5 scrolls of amnesia
 j - a scroll of silence
 y - a scroll of butterflies
 B - 5 scrolls of immolation
 D - a scroll of torment
 E - 2 scrolls of teleportation
 G - 4 scrolls of poison
 J - 3 scrolls of enchant weapon
 M - 3 scrolls of enchant armour
 Q - 6 scrolls of identify
 V - a scroll of brand weapon
 X - a scroll of blinking {unknown}
Potions
 g - 7 potions of curing
 l - 3 potions of attraction
 m - a potion of ambrosia
 n - a potion of mutation {unknown}
 r - 5 potions of haste
 t - 2 potions of invisibility
 v - 3 potions of brilliance {unknown}
 x - 3 potions of flight {unknown}
 z - a potion of resistance {unknown}
 A - 6 potions of heal wounds {unknown}
 F - 2 potions of might {unknown}
 L - a potion of berserk rage {unknown}
Miscellaneous
 T - a lightning rod (2/4)


   Skills:
 + Level 8.4 Fighting
 - Level 14.4 Long Blades
 - Level 1.7 Throwing
 - Level 11.4 Dodging
 * Level 2.8 Shields


You had 11 spell levels left.
You didn't know any spells.
Your spell library contained the following spells:

 Spells                   Type           Power      Damage    Failure   Level
 Beastly Appendage        Tmut           0%         N/A       45%         1
 Foxfire                  Conj/Fire      0%         2x1d4     45%         1
 Necrotise                Necr           0%         1d4       45%         1
 Slow                     Hex            0%         N/A       45%         1
 Summon Small Mammal      Summ           0%         N/A       45%         1
 Blink                    Tloc           0%         N/A       58%         2
 Cigotuvi's Dreadful Rot  Necr/Pois/Air  0%         N/A       58%         2
 Momentum Strike          Conj/Tloc      0%         3d8       58%         2
 Wereblood                Tmut           0%         N/A       58%         2
 Call Canine Familiar     Summ           0%         N/A       83%         3
 Confusing Touch          Hex            0%         N/A       83%         3
 Lesser Beckoning         Tloc           0%         N/A       83%         3
 Spider Form              Tmut/Pois      0%         N/A       83%         3
 Summon Guardian Golem    Hex/Summ       0%         N/A       83%         3
 Vampiric Draining        Necr           0%         2d6       83%         3
 Dispel Undead            Necr           0%         3d6       99%         4
 Summon Ice Beast         Ice/Summ       0%         N/A       99%         4
 Fireball                 Conj/Fire      0%         3d3       100%        5
 Summon Mana Viper        Hex/Summ       0%         N/A       100%        5
 Conjure Ball Lightning   Conj/Air       0%         3x3d6     100%        6
 Death Channel            Necr           0%         N/A       100%        6
 Starburst                Conj/Fire      0%         6d3       100%        6
 Monstrous Menagerie      Summ           0%         N/A       100%        7
 Discord                  Hex            0%         N/A       100%        8
 Disjunction              Tloc           0%         N/A       100%        8


Dungeon Overview and Level Annotations

Branches:
Dungeon (13/15)            Temple (0/1) D:7            Lair (1/5) D:10
    Orc (0/2) D:11         Bailey (visited)
 Vaults: D:13-14


Innate Abilities, Weirdness & Mutations

You are a tree.
Your roots penetrate the ground, keeping you stationary.
You cannot be teleported.
You are immune to unholy pain and torment.
Your maximum health is greatly increased.
Your equipment is partially melded.
You have an increased reservoir of magic. (+10% MP)
You shall have no god before yourself.
Your divine heritage dramatically boosts your attributes as you level up.


Message History

The vampire mosquito completely misses you.
The meliai mumbles some strange prayers to its god against you.
Something smites you!
The meliai hits you with a +2 hand axe of freezing.
The meliai freezes you. The meliai stings you!
* * * LOW HITPOINT WARNING * * *
The meliai mumbles some strange prayers to its god against you.
Something smites you!
* * * LOW HITPOINT WARNING * * *
The vampire mosquito completely misses you.
The vampire mosquito misses you. The meliai hits you with a +0 war axe!
* * * LOW HITPOINT WARNING * * *
The meliai stings you.
* * * LOW HITPOINT WARNING * * *
The meliai mumbles some strange prayers to its god against you.
Something smites you!
* * * LOW HITPOINT WARNING * * *
The vampire mosquito completely misses you.
The meliai hits you but does no damage. The meliai barely misses you.
You are too injured to fight recklessly!
You are too injured to fight recklessly!
You are too injured to fight recklessly!
You are too injured to fight recklessly!
You are too injured to fight recklessly!
You are too injured to fight recklessly!
Unknown command.
You turn into a tree.
Your scarf of resistance melds into your body.
Your +0 helmet melds into your body.
Your +0 pair of gloves melds into your body.
The +0 pair of boots "Fewnipt" {-Cast Will+ Dex+5} melds into your body.
Your +3 leather armour melds into your body.
You feel hot and cold all over.
Your roots penetrate the ground.
The meliai hits you but does no damage.
The meliai stings you but does no damage.
The meliai hits you but does no damage.
The meliai stings you but does no damage.
The meliai hits you but does no damage. You block the meliai's attack.
The vampire mosquito bites you!
You die...

.##############
..............#
..............#
..............#
......yy......#
......y♣..?...#
......yy......#
.######+#########'##
.........#........#
........(#........#
.........#........#
.........#........#
......)))'........#
###########)####>##...#


You could see 2 vampire mosquitoes and 3 meliai.

Vanquished Creatures
  2 two-headed ogres
  5 skeletal warriors (D:12)
  A deep elf pyromancer (D:12)
  2 ugly things
  4 cyclopes
  A black mamba (Lair:1)
  An unseen horror (D:11)
  5 kobold demonologists
  A polar bear (D:12)
  3 trolls
  6 slime creatures (D:12)
  6 centaur simulacra (D:12)
  2 wyverns
  A wraith (D:11)
  2 water elementals (D:12)
  23 yaks
  A basilisk (D:13)
  4 humans
  A vampire mosquito (D:13)
  2 steam dragons
  2 water moccasins
  3 orc warriors
  6 black bears
  2 sky beasts
  2 ice beasts
  An ogre (D:6)
  7 wolves
  6 centaurs
  3 phantoms
  5 kobold brigands
  10 gnoll sergeants
  7 bullfrogs
  3 necrophages
  10 scorpions
  7 wights
  4 killer bees (D:8)
  7 howler monkeys
  5 hounds
  4 orc priests
  5 gnoll boudas
  7 iguanas
  15 orc wizards
  13 adders
  33 gnolls
  2 shadow imps
  4 white imps
  4 ufetubi
  6 worms
  A dart slug (D:12)
  24 orcs
  2 bats
  5 endoplasms
  3 giant cockroaches
  13 goblins
  5 hobgoblins
  6 jackals
  21 kobolds
  3 quokkas
  3 ball pythons
  A frilled lizard (D:1)
  9 rats
  A spectral kobold (D:1)
353 creatures vanquished.

Vanquished Creatures (collateral kills)
  A bullfrog (D:6)
  An orc (D:4)
  An endoplasm (D:4)
  A kobold (D:4)
4 creatures vanquished.

Vanquished Creatures (others)
  A centaur (D:5)
  3 wights
  A gnoll (D:5)
  34 fungi
  34 plants (D:10)
73 creatures vanquished.

Grand Total: 430 creatures vanquished

Notes
Turn   | Place    | Note
-------+----------+-------------------------------------------
     0 | D:1      | blackman the Demigod Gladiator began the quest for the Orb.
     0 | D:1      | Reached XP level 1. HP: 17/17 MP: 3/3
    81 | D:1      | Reached skill level 3 in Long Blades
   207 | D:1      | Reached XP level 2. HP: 24/24 MP: 4/4
   767 | D:2      | Reached XP level 3. HP: 15/29 MP: 5/5
   885 | D:2      | Reached skill level 4 in Long Blades
  1729 | D:3      | Reached XP level 4. HP: 36/36 MP: 6/6
  1792 | D:3      | Reached skill level 5 in Long Blades
  2175 | D:4      | Noticed a bullfrog
  2179 | D:4      | Killed a bullfrog
  2180 | D:4      | Reached XP level 5. HP: 41/41 MP: 7/7
  2263 | D:4      | Reached skill level 6 in Long Blades
  2265 | D:4      | Reached XP level 6. HP: 22/48 MP: 8/8
  2504 | D:4      | Got the Handbook of the Incandescent Mausoleum
  2548 | D:4      | Reached skill level 7 in Long Blades
  2952 | D:4      | Identified the +4 war axe "Fihism" {flame, rPois rCorr
                  | Str-2 Dex+7}
  3436 | D:5      | Entered Level 5 of the Dungeon
  3457 | D:5      | Reached XP level 7. HP: 53/53 MP: 9/9
  3557 | D:5      | Reached skill level 8 in Long Blades
  4296 | D:5      | Reached skill level 9 in Long Blades
  4530 | D:5      | Reached XP level 8. HP: 59/60 MP: 10/10
  4633 | D:6      | Reached skill level 10 in Long Blades
  4868 | D:6      | Found the +14 obsidian axe {vorpal, Mesm Drain Fly SInv}
  5297 | D:6      | Reached skill level 11 in Long Blades
  5747 | D:7      | Reached XP level 9. HP: 67/67 MP: 11/11
  5812 | D:7      | Found a staircase to the Ecumenical Temple.
  6147 | D:7      | Reached skill level 12 in Long Blades
  7122 | D:8      | Reached skill level 13 in Long Blades
  7851 | D:8      | Noticed a moth of wrath
  8664 | D:8      | Reached XP level 10. HP: 28/73 MP: 13/13
  8919 | D:9      | Noticed a two-headed ogre
  8934 | D:9      | Killed a two-headed ogre
  8935 | D:9      | Reached skill level 14 in Long Blades
  9758 | D:9      | Identified the +0 pair of boots "Fewnipt" {-Cast Will+
                  | Dex+5}
 10714 | D:10     | Entered Level 10 of the Dungeon
 10728 | D:10     | Found a flagged portal.
 10739 | Bailey   | Entered a bailey
 11323 | Bailey   | HP: 1/77 [wolf (9)]
 11331 | Bailey   | Reached skill level 5 in Dodging
 12491 | D:10     | Noticed a cyclops
 12510 | D:10     | Killed a cyclops
 12616 | D:10     | Reached XP level 11. HP: 85/85 MP: 14/14
 12616 | D:10     | Found a staircase to the Lair.
 13214 | D:11     | Reached skill level 5 in Fighting
 13397 | D:11     | Noticed a two-headed ogre
 13403 | D:11     | Killed a two-headed ogre
 13578 | D:11     | Found a staircase to the Orcish Mines.
 14536 | D:12     | Noticed a skeletal warrior
 14537 | D:12     | Noticed a skeletal warrior
 14539 | D:12     | Noticed a skeletal warrior
 14539 | D:12     | Noticed a skeletal warrior
 14540 | D:12     | Noticed a skeletal warrior
 14549 | D:12     | Killed a skeletal warrior
 14564 | D:12     | Killed a skeletal warrior
 14566 | D:12     | Killed a skeletal warrior
 14567 | D:12     | Reached skill level 10 in Dodging
 14572 | D:12     | Killed a skeletal warrior
 14582 | D:12     | Killed a skeletal warrior
 14593 | D:12     | Reached XP level 12. HP: 35/100 MP: 15/15
 15332 | D:12     | Identified the +1 leather armour "Ykohi" {Stlth+}
 15476 | Lair:1   | Entered Level 1 of the Lair of Beasts
 16316 | D:13     | Reached skill level 1 in Shields
 16356 | D:13     | Identified the ring of Lesser Demons {rElec AC+4 Str+7
                  | Int+3 Dex-5}
 16419 | D:13     | HP: 2/103 [meliai/divine providence (7)]
 16420 | D:13     | Slain by a vampire mosquito

Illustrated notes

Levels and vault maps discovered:
D:1:      minmay_arrival_solitary_statue, layout_rooms,
          dreamdust_ecumenical_altar_drowned_temple, chequers_mini_garden
D:2:      layout_loops_ring, minmay_pentomino_w2
D:3:      kennysheep_six_static_rooms, layout_basic
D:4:      minmay_general_purpose_star, layout_loops_cross,
          mainiacjoe_overflow_catwalk_spiral, nicolae_kite_square_tiling_tiny,
          minmay_joined_circles
D:5:      minmay_razor_zed, layout_basic
D:6:      layout_basic
D:7:      layout_gridville, general_overflow_altar, lemuel_blue_sif_altar,
          minmay_temple_entry_purple_smoke
D:8:      layout_basic, tgw_trog, minmay_misc_feat_pillars,
          grunt_decor_junction, minmay_ruffians
D:9:      layout_roguey, nicolae_overflow_hidden_temple,
          minmay_misc_feat_four_crosses, eino_tiny_chamber,
          nicolae_elevator_lobby_plus
D:10:     layout_cave_pods, due_lair_maze_entry_diamond, enter_bailey_3,
          roderic_lattice_a
D:11:     layout_roguey, orc_0_dummy
D:12:     layout_roguey, serial_ice, serial_ice_o, serial_ice_b, serial_ice_j,
          serial_ice_g, kennysheep_slug_shrine
D:13:     layout_gridville, david_vaults_1, nicolae_alphabet_shops, uniq_snorg,
          uniq_erolcha
Lair:1:   layout_layer_cave, lemuel_fruit_tree

Skill      XL: |  1  2  3  4  5  6  7  8  9 10 11 12 |
---------------+-------------------------------------+-----
Long Blades    | 3 4 5 6 7 9 11 13 14 | 14.4
Fighting       | 4 7 8 |  8.4
Dodging        | 6 10 11 | 11.4
Shields        | 2 |  2.8
Throwing       | |  1.7

Action                   |  1- 3 |  4- 6 |  7- 9 | 10-12 || total
-------------------------+-------+-------+-------+-------++-------
Melee: Long sword        |    86 |    62 |       |       ||   148
       Punch             |     2 |       |     3 |       ||     5
       Scimitar          |       |    35 |   232 |       ||   267
       Demon blade       |       |       |    40 |   462 ||   502
       Eveningstar       |       |       |       |    33 ||    33
 Fire: Arbalest          |       |    11 |    65 |     1 ||    77
Throw: Javelin           |     1 |    10 |       |    15 ||    26
       Throwing net      |       |     1 |     2 |     7 ||    10
       Dart              |       |       |       |    13 ||    13
Evoke: Wand              |       |     6 |     4 |     4 ||    14
       Lightning rod     |       |       |       |     4 ||     4
  Use: Scroll            |       |    10 |     6 |     6 ||    22
       Potion            |       |       |     1 |     4 ||     5
 Stab: Sleeping          |     4 |     2 |     8 |     3 ||    17
       Distracted        |       |       |     1 |     3 ||     4
       Held in net/web   |       |       |       |     1 ||     1
Armor: Leather armour    |    17 |    40 |    99 |    82 ||   238
       Steam dragon scal |       |       |     2 |       ||     2
       Skin              |       |       |       |     5 ||     5
Dodge: Dodged            |    56 |    60 |   210 |   479 ||   805
Block: Buckler           |       |       |       |   136 ||   136

Table legend: (Time is in decaauts)
 A = Elapsed time spent in this place.
 B = Non-inter-level travel time spent in this place.
 C = Inter-level travel time spent in this place.
 D = Time resting spent in this place.
 E = Time spent auto-exploring this place.
 F = Levels seen in this place.
 G = Mean time per level.
                   A        B        C        D        E       F      G
               +--------+--------+--------+--------+--------+-----+--------+
         Total |  16358 |  15770 |    588 |   4224 |   8997 |  15 | 1090.5 |
       Dungeon |  14458 |  13928 |    530 |   3725 |   7971 |  13 | 1112.2 |
          Lair |    755 |    698 |     57 |      0 |    637 |   1 |  755.0 |
        Bailey |   1145 |   1145 |      0 |    499 |    389 |   1 | 1145.0 |
               +--------+--------+--------+--------+--------+-----+--------+

Top non-repeatable levels by time:
     D:8: 2545 daAuts
     D:9: 1580 daAuts
     D:4: 1550 daAuts
    D:12: 1236 daAuts
     D:5: 1197 daAuts
     D:7: 1172 daAuts
  Bailey: 1145 daAuts
    D:11: 1116 daAuts
     D:6: 1037 daAuts
    D:10: 963 daAuts
     D:2: 859 daAuts
  Lair:1: 755 daAuts
     D:3: 551 daAuts
     D:1: 525 daAuts
    D:13: 122 daAuts
